 Dungeon Crawl Stone Soup version 0.20.0-10-g0535bb4 (webtiles) character file.

81 doot the Poker (level 4, -1/37 HPs)
             Began as a Merfolk Abyssal Knight on June 5, 2017.
             Was a Believer of Lugonu.
             Slain by a hippogriff (6 damage)
             ... on level 3 of the Dungeon.
             The game lasted 00:05:10 (1839 turns).

doot the Poker (Merfolk Abyssal Knight)             Turns: 1839, Time: 00:05:11

Health: -1/37      AC:  5    Str: 12    XL:     4   Next: 40%
Magic:  14/14      EV: 13    Int: 11    God:    Lugonu [**....]
Gold:   75         SH:  0    Dex: 14    Spells: 3/3 levels left

rFire    . . .     SeeInvis .   a - +1 spear
rCold    . . .     Gourm    .   (no shield)
rNeg     . . .     Faith    .   b - +0 leather armour
rPois    .         Spirit   .   (no helmet)
rElec    .         Reflect  .   (no cloak)
rCorr    .         Harm     .   (no gloves)
MR       .....                  o - +1 pair of boots
Stlth    +++.......             (no amulet)
Regen    0.2/turn               d - ring of stealth
MPRegen  0.2/turn               r - ring of magical power

@: no status effects
A: change form in water, swift swim, stealthy swim
a: Depart the Abyss, Bend Space, Renounce Religion


You were on level 3 of the Dungeon.
You worshipped Lugonu.
Lugonu was pleased with you.
You were not hungry.

You visited 1 branch of the dungeon, and saw 3 of its levels.
You visited the Abyss 1 time.

You collected 75 gold pieces.

Inventory:

Hand Weapons
 a - a +1 spear (weapon)
Missiles
 p - 2 javelins (quivered)
 q - 11 bolts
Armour
 b - a +0 leather armour (worn)
 l - a +0 plate armour
 o - a +1 pair of boots (worn)
Jewellery
 d - a ring of stealth (left hand)
 r - a ring of magical power (right hand)
Scrolls
 g - a scroll of fog {unknown}
 h - 3 scrolls of identify {unknown}
 i - a scroll of magic mapping {unknown}
 s - a scroll of immolation {unknown}
Potions
 f - a potion of ambrosia {unknown}
 j - a potion of mutation {unknown}
 k - 2 potions of heal wounds {unknown}
 n - a potion of might {unknown}
Comestibles
 c - 2 bread rations
 m - a royal jelly
 t - 3 chunks of flesh


   Skills:
 + Level 3.8 Fighting
 * Level 4.9 Polearms
 + Level 0.7 Armour
 * Level 3.4 Dodging
 + Level 1.3 Stealth
 + Level 2.0 Invocations


You had 3 spell levels left.
You didn't know any spells.

Dungeon Overview and Level Annotations

Branches:
Dungeon (3/15)

Altars:
Fedhas
Qazlal


Message History

* * * LOW HITPOINT WARNING * * *
The hippogriff pecks you.
* * * LOW HITPOINT WARNING * * *
The hippogriff closely misses you.
You climb upwards.
There is a stone staircase leading down here.
You climb downwards.
The hippogriff barely misses you. The hippogriff completely misses you.
The hippogriff misses you.
There is a stone staircase leading up here.
Some of the chunks of flesh in your inventory have rotted away.
You see here a whip.
There is a stone staircase leading up here.
Okay, then.
Unknown command.
It was a potion of cancellation.
You feel magically purged. The hippogriff bites you.
* * * LOW HITPOINT WARNING * * *
The hippogriff pecks you but does no damage.
The hippogriff claws you.
You die...

#.#...#.###.#.....#
#.#.#.........#.#.#
#.<...#.###.###.#.#
#.#####.# #.....#.#
#.#####.# #######.#
#.......# #.#
#.####### #.# #.#
####### #.# #.#
#@....# #..(g(# #.#
#H....# #####.# #.#
#g....# #.# #.....#
#.# #.....# ##.#
##.#### #g.# #.#
#.## ###.####
####.######......#


You could see a hippogriff and a hobgoblin.

Vanquished Creatures
  An adder (D:3)
  An ooze (D:3)
  2 dart slugs (D:1)
  A leopard gecko (D:1)
  7 giant cockroaches
  3 goblins
  6 hobgoblins
  4 jackals (D:3)
  14 kobolds
  A quokka (D:3)
  A ball python (D:1)
  6 bats
  6 frilled lizards
  7 rats
60 creatures vanquished.

Notes
Turn   | Place    | Note
-------+----------+-------------------------------------------
     0 | Abyss:1  | doot the Merfolk Abyssal Knight began the quest for the Orb.
     0 | Abyss:1  | Reached XP level 1. HP: 18/18 MP: 2/2
    48 | D:1      | Escaped the Abyss
   272 | D:1      | Reached XP level 2. HP: 24/24 MP: 3/3
   446 | D:1      | Reached XP level 3. HP: 30/30 MP: 4/4
   459 | D:1      | Reached ** piety under Lugonu
   754 | D:2      | Reached skill level 4 in Polearms
   944 | D:2      | Reached skill level 1 in Stealth
  1162 | D:2      | Found a stormy altar of Qazlal.
  1301 | D:3      | Reached XP level 4. HP: 18/37 MP: 5/5
  1522 | D:3      | Found a blossoming altar of Fedhas.
  1776 | D:3      | Noticed a hippogriff
  1839 | D:3      | Slain by a hippogriff

Skill      XL: |  1  2  3 |
---------------+----------+-----
Dodging        | 3 |  3.4
Polearms       | 4 |  4.9
Stealth        | 1 |  1.3
Fighting       | |  3.8
Armour         | |  0.7
Invocations    | |  2.0

Action                   |  1- 3 |  4- 6 || total
-------------------------+-------+-------++-------
Melee: Spear             |   137 |    59 ||   196
Throw: Javelin           |     3 |     2 ||     5
  Use: Potion            |       |     1 ||     1
 Stab: Sleeping          |    11 |     3 ||    14
  Eat: Chunk             |     1 |     2 ||     3
Armor: Leather armour    |    25 |    25 ||    50
Dodge: Dodged            |    47 |    60 ||   107
